 Dungeon Crawl Stone Soup version 0.25-a0-413-g3b4b6a4ccc (webtiles) character file.

Game seed: 11671582715166257993, levelgen mode: deterministic

144 Ender the Insei (level 4, -4/35 HPs)
             Began as a Demigod Transmuter on Jan 16, 2020.
             Slain by a worker ant (6 damage)
             ... on level 5 of the Dungeon on Jan 17, 2020.
             The game lasted 00:35:48 (3900 turns).

Ender the Insei (Demigod Transmuter)                Turns: 3900, Time: 00:35:49

Health: -4/35      AC:  3    Str: 15    XL:     4   Next: 77%
Magic:  18/19      EV: 13    Int: 22    God:
Gold:   180        SH:  0    Dex: 16    Spells: 5/8 levels left

rFire    . . .     SeeInvis .   f - +0 whip (vamp)
rCold    . . .     Gourm    .   (no shield)
rNeg     . . .     Faith    .   q - +1 robe {MR+}
rPois    .         Spirit   .   (no helmet)
rElec    .         Reflect  .   (no cloak)
rCorr    .         Harm     .   (no gloves)
MR       +....                  (boots currently unavailable)
Stlth    ++........             (no amulet)
HPRegen  0.11/turn              h - ring of magical power
MPRegen  0.16/turn              s - +1 ring of slaying

@: brilliant, lethally poisoned (-4 -> -7), appendage (expiring)
A: talons 3, high mp 1
a: End Transformation


You were on level 5 of the Dungeon.
You were hungry.
You had grown temporary talons.
You visited 1 branch of the dungeon, and saw 5 of its levels.

You collected 180 gold pieces.

Inventory:

Hand Weapons
 f - a +0 vampiric whip (weapon)
Missiles
 a - 14 arrows
 g - 27 stones
 l - 20 poisoned darts (quivered)
 o - 38 sling bullets
 v - 4 curare-tipped darts
Armour
 b - a +0 robe
 j - a +0 robe
 k - a +1 leather armour of fire resistance
 q - a +1 robe of magic resistance (worn)
 r - a +0 robe
Jewellery
 h - a ring of magical power (left hand)
 p - an uncursed ring of magical power
 s - a +1 ring of slaying (right hand)
Scrolls
 i - a scroll of amnesia {unknown}
 n - a scroll of remove curse {unknown}
 t - 2 scrolls of random uselessness {unknown}
Potions
 c - 2 potions of curing {unknown}
 e - 3 potions of magic {unknown}
 m - 2 potions of haste {unknown}
 u - a potion of brilliance
Comestibles
 d - 6 rations


   Skills:
 + Level 1.0 Fighting
 * Level 1.6 Maces & Flails
 + Level 2.1 Dodging
 + Level 1.0 Stealth
 - Level 3.1 Unarmed Combat
 + Level 2.5 Spellcasting
 * Level 3.0 Transmutations


You had 5 spell levels left.
You knew the following spells:

 Your Spells              Type           Power        Failure   Level  Hunger
a - Beastly Appendage     Tmut           ####..       1%          1    None
b - Sticks to Snakes      Tmut           ####....     1%          2    ##.....

Your spell library contained the following spells:

 Spells                   Type           Power        Failure   Level  Hunger
 Corona                   Hex            ###....      1%          1    None
 Ensorcelled Hibernation  Hex/Ice        ###...       2%          2    ##.....
 Spider Form              Tmut/Pois      ###.......   2%          3    ###....
 Confusing Touch          Hex            ###.....     4%          3    ###....
 Dazzling Flash           Conj/Hex       ###...       4%          3    ###....
 Tukima's Dance           Hex            ###.....     4%          3    ###....
 Ice Form                 Ice/Tmut       ###.....     8%          4    ####...
 Blade Hands              Tmut           ####......   12%         5    ######.


Dungeon Overview and Level Annotations

Branches:
Dungeon (5/15)
 Temple: D:4-7


Innate Abilities, Weirdness & Mutations

You have an increased reservoir of magic. (+10% MP)
You have claws for feet.


Message History

You feel sick.
Your transformation is almost over.
You feel sick.
There is a stone staircase leading down here.
You can't go up here!
The worker ant bites you.
* * * LOW HITPOINT WARNING * * *
You climb downwards.
Found a long sword.
There is a stone staircase leading up here.
Casting: Beastly Appendage (safe; 5% risk of failure)
Confirm with . or Enter, or press ? or * to list all spells.
You don't know that spell.
You drop a scroll labeled KIET DE JARILLA.
* * * LOW HITPOINT WARNING * * *
You feel sick. The worker ant closely misses you. x2
It was a potion of brilliance.
You feel clever all of a sudden. The worker ant bites you.
You die...

.# ####. #
..... .#
##...##.#
##.......###
#...........
#...a..#
#.@.# ##.##
).# ....
#####


You could see a worker ant.

Vanquished Creatures
  2 oozes
  2 worms (D:3)
  A dart slug (D:1)
  2 orcs
  A ball python (D:1)
  5 bats
  3 giant cockroaches
  3 goblins
  4 hobgoblins
  A quokka (D:4)
  6 frilled lizards
  8 kobolds
  7 rats
45 creatures vanquished.

Vanquished Creatures (collateral kills)
  2 bullfrog skeletons (D:4)
  Jessica (D:2)
  A worker ant (D:4)
  2 dart slugs
  An orc (D:3)
7 creatures vanquished.

Grand Total: 52 creatures vanquished

Notes
Turn   | Place    | Note
-------+----------+-------------------------------------------
     0 | D:1      | Ender the Demigod Transmuter began the quest for the Orb.
     0 | D:1      | Reached XP level 1. HP: 15/15 MP: 5/5
   493 | D:1      | Reached XP level 2. HP: 21/22 MP: 5/7
   725 | D:1      | Learned a level 2 spell: Sticks to Snakes
  1672 | D:2      | Noticed Jessica
  1692 | D:2      | Killed Jessica
  1692 | D:2      | Reached XP level 3. HP: 27/27 MP: 8/8
  1844 | D:2      | Found a radiant altar of Vehumet.
  2945 | D:3      | Found a faded altar of an unknown god.
  3340 | D:3      | You fall into a shaft and drop 1 floor!
  3347 | D:4      | Reached skill level 1 in Maces & Flails
  3347 | D:4      | Reached XP level 4. HP: 32/34 MP: 10/10
  3408 | D:4      | Reached skill level 1 in Fighting
  3688 | D:4      | Found an opulent altar of Gozag.
  3772 | D:4      | Reached skill level 1 in Stealth
  3898 | D:5      | Entered Level 5 of the Dungeon
  3900 | D:5      | Slain by a worker ant

Levels and vault maps discovered:
D:1:      wheals_arrival_linesprint, layout_loops_ring
D:2:      layout_basic, nicolae_overflow_crystal_walls, uniq_jessica
D:3:      layout_loops_ring, marbit_many_paths, nicolae_overflow_hidden_temple,
          first_ration, chequers_ecumenical_altar_grove
D:4:      layout_basic, kennysheep_mini, zin_angel, kennysheep_little_box
D:5:      layout_loops_ring, makhleb_blood_cavern_becter

Skill      XL: |  1  2  3  4 |
---------------+-------------+-----
Spellcasting   | 2 |  2.5
Unarmed Combat | 3 |  3.1
Dodging        | 2 |  2.1
Transmutations | 2 3 |  3.0
Maces & Flails | 1 |  1.6
Fighting       | 1 |  1.0
Stealth        | 1 |  1.0

Action                   |  1- 3 |  4- 6 || total
-------------------------+-------+-------++-------
Melee: Unarmed           |    44 |       ||    44
       Headbutt          |     8 |     1 ||     9
       Whip              |    79 |    17 ||    96
       Kick              |     4 |     3 ||     7
       Punch             |     2 |       ||     2
 Cast: Beastly Appendage |    20 |     5 ||    25
       Sticks to Snakes  |    14 |     4 ||    18
  Use: Potion            |     1 |     1 ||     2
       Scroll            |     3 |       ||     3
 Stab: Sleeping          |     3 |       ||     3
       Distracted        |     1 |       ||     1
  Eat: Chunk             |     6 |     1 ||     7
       Ration            |     1 |       ||     1
Armor: Robe              |    27 |     2 ||    29
Dodge: Dodged            |    85 |    14 ||    99

Table legend:
 A = Non-vault XP
 B = Vault XP
 C = Vault XP percentage of total XP
 D = Non-vault monster count
 E = Vault monster count
 F = Vault count percentage of total count
                 A         B        C        D         E       F
            +---------+---------+-------+---------+---------+-------
      Total |     188 |      19 |   9.2 |      51 |       1 |   1.9
            +---------+---------+-------+---------+---------+-------
        D:1 |      40 |       0 |   0.0 |      21 |       0 |   0.0
        D:2 |      10 |      19 |  65.5 |       7 |       1 |  12.5
        D:3 |      37 |       0 |   0.0 |      17 |       0 |   0.0
        D:4 |     101 |       0 |   0.0 |       6 |       0 |   0.0
            +---------+---------+-------+---------+---------+-------
